 Dungeon Sprint DCSS version 0.28.0-53-g5a82cb258f (webtiles) character file.

Game seed: 13140639320183145

4200000 Zeld the Intangible (level 24, -31/270 HPs)
             Began as a Djinni Monk on June 5, 2022.
             Was the Champion of Makhleb.
             Annihilated by a destroyer
             ... wielding a +9 vorpal great sword
              (211 damage)
             ... in the Dungeon (Sprint VIII: "Arena of Blood").
             The game lasted 00:01:41 (42 turns).

Zeld the Intangible (Djinni Monk)                     Turns: 42, Time: 00:01:42

Health: -31/270    AC: 25    Str: 18    XL:     24   Next: 78%
Gold:   0          EV: 31    Int: 13    God:    Makhleb [******] SH:  0 Dex: 19

rFire   + + .      SeeInvis .   g - +∞ Axe of Woe
rCold   x . .      Faith    .   (shield currently unavailable)
rNeg    + . .      Spirit   .   (armour currently unavailable)
rPois   ∞          Reflect  .   (no helmet)
rElec   +          Harm     .   (no cloak)
rCorr   .          Rampage  .   (gloves currently unavailable)
Will    ++...      NoTele   +   (boots unavailable)
Stlth   ++........              (no amulet)
HPRegen 0.55/turn               (no ring)
MPRegen 0.00/turn               (no ring)

@: statue-form, flying, very slow
A: slow and powerful, torment resistance 1, flying, boosted hp, sickness
immunity, fire resistance 2, cold vulnerability 1, float, innate caster, HP
casting, extra vitality 1
a: End Transformation, Renounce Religion, Minor Destruction, Lesser Servant of
Makhleb, Major Destruction, Greater Servant of Makhleb


You were in the Dungeon.
You worshipped Makhleb.
Makhleb was exalted by your worship.
You were a living statue of rough stone.
You visited 1 branch

Inventory:

Hand Weapons
 g - the +∞ Axe of Woe (weapon)
   (You found it in the Dungeon)
Armour
 a - a +0 robe (melded)
Scrolls
 f - a scroll of blinking
Potions
 b - a potion of curing
 c - a potion of heal wounds
 d - a potion of haste
 e - a potion of berserk rage


   Skills:
 O Level 27 Fighting
 + Level 19.2(22.3) Short Blades
 + Level 19.2(22.3) Long Blades
 O Level 27 Axes
 + Level 17.8(26.1) Maces & Flails
 + Level 17.8(26.1) Polearms
 + Level 18.2(24.2) Staves
 + Level 16.8(19.6) Slings
 + Level 16.8 Bows
 + Level 16.8 Crossbows
 + Level 16.8(19.6) Throwing
 + Level 19.7 Armour
 O Level 27 Dodging
 - Level 1.5 Stealth
 + Level 19.7 Shields
 - Level 3.0 Unarmed Combat
 O Level 27 Spellcasting
 O Level 27 Invocations
 + Level 19.7 Evocations


You had 25 spell levels left.
You knew the following spells:

 Your Spells              Type           Power      Damage    Failure   Level
a - Pain                  Necr           100%       1d9       0%          1
b - Static Discharge      Conj/Air       73%        N/A       0%          2
c - Ignite Poison         Fire/Tmut/Pois 73%        N/A       0%          3
d - Vampiric Draining     Necr           73%        2d11      0%          3
e - Flame Wave            Conj/Fire      73%        2d13      0%          4
f - Iskenderun's Battles  Conj           73%        2d12      0%          5
g - Dispersal             Tloc           36%        N/A       0%          6
h - Statue Form           Tmut/Erth      48%        N/A       0%          6
i - Ozocubu's Refrigerat  Ice            36%        4d12      1%          7
j - Haunt                 Necr/Summ      36%        N/A       1%          7
k - Ignition              Fire           36%        3d11      1%          8
Your spell library was empty.

Dungeon Overview and Level Annotations

Branches:
Dungeon (1/1)

Altars:
Makhleb


Innate Abilities, Weirdness & Mutations

You are a living statue of rough stone.
Your actions are slow, but your melee attacks are powerful.
You are resistant to unholy torment.
You are flying.
Your maximum health is greatly increased.
Your equipment is partially melded.
You are immune to sickness and miasma.
You are immune to poison.
Your flesh is very heat resistant. (rF++)
You are vulnerable to cold. (rC-)
You float through the air rather than walking.
You learn spells naturally, not from books.
Your magical power is your life essence.
You have superior vitality. (+4 MHP)


Message History

* * * LOW HITPOINT WARNING * * *
x2 The destroyer completely misses you.
You hear a shout! x2
A bag of meat comes into view. It is wielding a +9 war axe.
You hear a shout! x2
A bag of meat comes into view. It is wielding a +9 war axe.
The meat berserker is engulfed in blazing flames. x2
The destroyer is engulfed in blazing flames.
The large bag of meat moves out of view.
Items here: ))))) ===== †††.
You slice the destroyer like a ripe choko!!!
You fatally mangle the destroyer.
You destroy the destroyer!
Makhleb accepts your kill.
You feel better.
You slice the meat berserker!!
You hew the meat berserker savagely.
You kill the meat berserker!
Makhleb accepts your kill.
You feel better.
You slice the meat berserker!!
You slaughter the meat berserker joyfully.
You kill the meat berserker!
Makhleb accepts your kill.
You feel better.
You cut the sculptor of flesh into ribbons!!!
You pulverise the sculptor of flesh into a thin bloody mist.
You destroy the sculptor of flesh!
Makhleb accepts your kill.
You feel better.
You hear a shout! x4
The meat berserker rages.
The meat berserker is engulfed in blazing flames.
You hear a shout!
The tyrant casts a spell.
The tyrant seems to speed up.
A bag of meat comes into view. It is wielding a +9 war axe.
The destroyer is engulfed in blazing flames.
You hear a shout! x2
The destroyer hits you with a +9 vorpal great sword!!!!!
Ouch! That really hurt!
You die...

.O. .. #.. ..# .
#o. ..# ..###oo
..###.
.......###......
......z☼§§..§o..
.....#§o)§o#....
... #§)OOV# . .
#o§O8V#
.o.O.o_........
.zO...###.......
.###.. ..###..
#.. L.# . #..
..# .. ... ..o.


You could see a tyrant (fast), 2 destroyers, 2 sculptors of flesh, 3 large bags
of meat, 2 meat berserkers and 9 bags of meat.

Vanquished Creatures
  6 vampire knights (D)
  18 ogres (D)
  3 two-headed ogres (D)
  30 orcs (D)
  A skeletal warrior (D)
58 creatures vanquished.

Notes
Turn   | Place    | Note
-------+----------+-------------------------------------------
     0 | D        | Found the +∞ Axe of Woe
     0 | D        | Zeld the Djinni Monk began the quest for the Orb.
     0 | D        | Reached XP level 1. HP: 20/20 MP: 0/0
     1 | D        | Noticed a bag of meat
     2 | D        | Noticed a meat berserker
     4 | D        | Became a worshipper of Makhleb the Destroyer
     4 | D        | Reached * piety under Makhleb
     4 | D        | Reached ** piety under Makhleb
     4 | D        | Noticed a bag of meat
     6 | D        | Noticed a bag of meat
     7 | D        | Killed a meat berserker
     7 | D        | Noticed a meat berserker
     7 | D        | Noticed a bag of meat
     8 | D        | Reached skill level 15 in Fighting
     8 | D        | Reached XP level 2. HP: 43/43 MP: 0/0
     8 | D        | Reached XP level 3. HP: 49/49 MP: 0/0
     8 | D        | Learned a level 1 spell: Pain
     8 | D        | Reached XP level 4. HP: 55/55 MP: 0/0
     8 | D        | Reached XP level 5. HP: 60/60 MP: 0/0
     8 | D        | Learned a level 2 spell: Static Discharge
     8 | D        | Reached XP level 6. HP: 67/67 MP: 0/0
     8 | D        | Reached XP level 7. HP: 72/72 MP: 0/0
     8 | D        | Learned a level 3 spell: Ignite Poison
     8 | D        | Reached XP level 8. HP: 78/78 MP: 0/0
     8 | D        | Reached XP level 9. HP: 84/84 MP: 0/0
     8 | D        | Learned a level 3 spell: Vampiric Draining
     8 | D        | Reached XP level 10. HP: 90/90 MP: 0/0
     8 | D        | Reached XP level 11. HP: 95/95 MP: 0/0
     8 | D        | Learned a level 4 spell: Flame Wave
     8 | D        | Reached XP level 12. HP: 102/102 MP: 0/0
     8 | D        | Noticed a bag of meat
     9 | D        | Killed a bag of meat
     9 | D        | Noticed a bag of meat
    10 | D        | Reached skill level 10 in Spellcasting
    10 | D        | Reached XP level 13. HP: 111/111 MP: 0/0
    10 | D        | Learned a level 5 spell: Iskenderun's Battlesphere
    10 | D        | Killed a bag of meat
    10 | D        | Killed a bag of meat
    10 | D        | Reached *** piety under Makhleb
    10 | D        | Noticed a bag of meat
    11 | D        | Reached skill level 15 in Invocations
    11 | D        | Reached XP level 14. HP: 43/121 MP: 0/0
    11 | D        | Killed a meat berserker
    11 | D        | Killed a bag of meat
    11 | D        | Noticed a bag of meat
    12 | D        | Reached skill level 15 in Axes
    12 | D        | Reached XP level 15. HP: 118/130 MP: 0/0
    12 | D        | Learned a level 6 spell: Dispersal
    12 | D        | Noticed a meat berserker
    12 | D        | Noticed a meat berserker
    13 | D        | Reached **** piety under Makhleb
    14 | D        | Killed a meat berserker
    15 | D        | Reached skill level 15 in Spellcasting
    15 | D        | Reached XP level 16. HP: 143/143 MP: 0/0
    16 | D        | Reached ***** piety under Makhleb
    16 | D        | Noticed a meat berserker
    17 | D        | Killed a meat berserker
    17 | D        | Noticed a meat berserker
    18 | D        | Noticed a meat berserker
    18 | D        | Noticed a meat berserker
    18 | D        | Noticed a meat berserker
    19 | D        | Reached XP level 17. HP: 154/154 MP: 0/0
    19 | D        | Learned a level 6 spell: Statue Form
    19 | D        | Noticed a destroyer
    20 | D        | Noticed a destroyer
    20 | D        | Noticed a large bag of meat
    21 | D        | Killed a meat berserker
    22 | D        | Reached skill level 27 in Dodging
    22 | D        | Killed a meat berserker
    22 | D        | Killed a meat berserker
    22 | D        | Killed a meat berserker
    22 | D        | Reached ****** piety under Makhleb
    22 | D        | Noticed a meat berserker
    23 | D        | Reached skill level 27 in Fighting
    23 | D        | Reached XP level 18. HP: 167/167 MP: 0/0
    23 | D        | Killed a meat berserker
    23 | D        | Noticed a meat berserker
    23 | D        | Noticed a meat berserker
    24 | D        | Reached XP level 19. HP: 174/174 MP: 0/0
    24 | D        | Learned a level 7 spell: Ozocubu's Refrigeration
    25 | D        | Killed a destroyer
    26 | D        | Reached skill level 27 in Axes
    26 | D        | Reached skill level 27 in Invocations
    26 | D        | Reached XP level 20. HP: 181/181 MP: 0/0
    26 | D        | Killed a meat berserker
    27 | D        | Reached skill level 27 in Spellcasting
    27 | D        | Killed a destroyer
    27 | D        | Killed a meat berserker
    27 | D        | Noticed a meat berserker
    28 | D        | Reached skill level 10 in Short Blades
    28 | D        | Reached skill level 10 in Long Blades
    28 | D        | Reached skill level 10 in Armour
    28 | D        | Reached skill level 10 in Shields
    28 | D        | Reached skill level 10 in Evocations
    28 | D        | Reached XP level 21. HP: 187/187 MP: 0/0
    28 | D        | Learned a level 7 spell: Haunt
    28 | D        | Killed a meat berserker
    28 | D        | Killed a large bag of meat
    29 | D        | Reached skill level 10 in Slings
    29 | D        | Reached skill level 10 in Bows
    29 | D        | Reached skill level 10 in Crossbows
    29 | D        | Reached skill level 10 in Throwing
    29 | D        | Reached XP level 22. HP: 194/194 MP: 0/0
    30 | D        | Noticed a destroyer
    30 | D        | Noticed a large bag of meat
    31 | D        | Noticed a destroyer
    31 | D        | Killed a meat berserker
    31 | D        | Noticed a destroyer
    32 | D        | Reached skill level 15 in Armour
    32 | D        | Reached skill level 15 in Shields
    32 | D        | Reached skill level 15 in Evocations
    32 | D        | Reached XP level 23. HP: 201/201 MP: 0/0
    32 | D        | Learned a level 8 spell: Ignition
    32 | D        | Noticed a large bag of meat
    33 | D        | Killed a destroyer
    34 | D        | Reached skill level 15 in Staves
    34 | D        | Killed a destroyer
    35 | D        | Reached skill level 15 in Maces & Flails
    35 | D        | Reached skill level 15 in Polearms
    35 | D        | Noticed a destroyer
    36 | D        | HP: 2/261 [destroyer/+9 vorpal great sword (29)]
    37 | D        | Reached skill level 15 in Slings
    37 | D        | Reached skill level 15 in Bows
    37 | D        | Reached skill level 15 in Crossbows
    37 | D        | Reached skill level 15 in Throwing
    37 | D        | Reached XP level 24. HP: 1/208 MP: 0/0
    37 | D        | Noticed a destroyer
    37 | D        | Killed a destroyer
    37 | D        | Noticed a large bag of meat
    37 | D        | Noticed a destroyer
    38 | D        | Killed a large bag of meat
    39 | D        | Killed a large bag of meat
    39 | D        | Noticed a large bag of meat
    40 | D        | Noticed a tyrant
    41 | D        | Noticed a large bag of meat
    41 | D        | Noticed a large bag of meat
    42 | D        | Killed a destroyer
    42 | D        | Annihilated by a destroyer

Illustrated notes

Levels and vault maps discovered:
D:        meatsprint

Skill      XL: |  1  2  3  4  5  6  7  8  9 10 11 12 13 14 15 16 17 18 19 20 21 22 23 24 |
---------------+-------------------------------------------------------------------------+-----
Fighting       | 15 16 18 20 22 24 27 | 27.0
Axes           | 11 12 13 15 16 18 24 25 27 | 27.0
Dodging        | 16 17 19 21 23 26 27 | 27.0
Spellcasting   | 9 10 12 13 15 17 20 21 26 27 | 27.0
Invocations    | 12 13 15 17 19 21 25 26 27 | 27.0
Short Blades   | 10 12 14 17 19 | 19.2
Long Blades    | 10 12 14 17 19 | 19.2
Maces & Flails | 9 11 13 16 17 | 17.8
Polearms       | 9 11 13 16 17 | 17.8
Staves         | 9 11 14 17 18 | 18.2
Slings         | 8 10 12 15 16 | 16.8
Bows           | 8 10 12 15 16 | 16.8
Crossbows      | 8 10 12 15 16 | 16.8
Throwing       | 8 10 12 15 16 | 16.8
Armour         | 10 12 15 18 19 | 19.7
Shields        | 10 12 15 18 19 | 19.7
Evocations     | 10 12 15 18 19 | 19.7
Stealth        | |  1.5
Unarmed Combat | |  3.0

Action                   |  1- 3 |  4- 6 |  7- 9 | 10-12 | 13-15 | 16-18 | 19-21 | 22-24 || total
-------------------------+-------+-------+-------+-------+-------+-------+-------+-------++-------
Melee: Executioner's axe |     1 |       |       |     1 |     4 |     6 |     4 |     9 ||    25
 Cast: Iskenderun's Batt |       |       |       |       |       |     1 |       |       ||     1
       Statue Form       |       |       |       |       |       |     1 |       |       ||     1
       Ozocubu's Refrige |       |       |       |       |       |       |     1 |       ||     1
       Ignition          |       |       |       |       |       |       |       |     2 ||     2
Armor: Skin              |       |       |       |       |       |       |       |     2 ||     2
Dodge: Dodged            |       |       |       |       |     1 |     1 |     1 |     2 ||     5
